 Seeded DCSS version 0.31-a0-1610-g9787180 (webtiles) character file.

Game seed: 1732258547108120200 (custom seed)

95 brinewave the Firebug (level 4, 0/35 HPs)
             Began as a Ghoul Fire Elementalist on Jan 8, 2024.
             Slain by an iguana (11 damage)
             ... on level 2 of the Dungeon.
             The game lasted 00:08:15 (1884 turns).

brinewave the Firebug (Ghoul Fire Elementalist)     Turns: 1884, Time: 00:08:15

Health: 0/35       AC:  3    Str: 11    XL:     4   Next: 65%
Magic:  2/7        EV: 12    Int: 16    God:
Gold:   82         SH:  0    Dex:  9    Spells: 6/7 levels left

rFire   . . .        i - +0 dagger
rCold   + . .        (no shield)
rNeg    + + +        a - +0 robe
rPois   ∞            (no helmet)
rElec   .            (no cloak)
rCorr   .            h - +0 pair of gloves
SInv    .            (no boots)
Will    .....        (no amulet)
Stlth   ++           (no ring)
HPRegen 0.00/turn    (no ring)
MPRegen 0.10/turn

%: no passive effects
@: inhibited regen
A: claws 1, cold resistance 1, negative energy resistance 3, inhibited
regeneration, torment resistance 2, devour on kill
a: no special abilities


You were on level 2 of the Dungeon.
You visited 1 branch of the dungeon, and saw 3 of its levels.

You collected 82 gold pieces.

Inventory:

Hand Weapons
 i - a +0 dagger (weapon)
Missiles
 c - 2 atropa-tipped darts
Armour
 a - a +0 robe (worn)
 h - a +0 pair of gloves (worn)
Scrolls
 d - a scroll of fear {unknown}
 l - 3 scrolls of vulnerability {unknown}
Potions
 b - a potion of magic
 e - a potion of curing
 f - 3 potions of heal wounds
 g - a potion of mutation {unknown}
 j - a potion of berserk rage
 k - 2 potions of brilliance {unknown}


   Skills:
 + Level 1.1 Fighting
 + Level 2.4 Dodging
 - Level 2.6 Stealth
 + Level 2.3 Spellcasting
 + Level 1.6 Conjurations
 + Level 2.9 Fire Magic


You had 6 spell levels left.
You knew the following spells:

 Your Spells              Type           Power      Damage    Failure   Level
a - Foxfire               Conj/Fire      36%        2x1d5     8%          1

Your spell library contained the following spells:

 Spells                   Type           Power      Damage    Failure   Level
 Scorch                   Fire           22%        2d5       10%         2
 Inner Flame              Hex/Fire       6%         N/A       32%         3
 Volatile Blastmotes      Fire/Tloc      12%        2d11      32%         3
 Flame Wave               Conj/Fire      9%         2d6       61%         4


Dungeon Overview and Level Annotations

Branches:
Dungeon (3/15)

Altars:

Annotations:
D:3 2 runed translucent doors, Zyrax's ghost, amateur HuSh


Innate Abilities, Weirdness & Mutations

You are immune to poison.
You have sharp fingernails.
Your flesh is cold resistant. (rC+)
You are immune to negative energy. (rN+++)
You do not regenerate when monsters are visible.
You are immune to unholy pain and torment.
You thrive by killing the living.


Message History

The iguana is moderately wounded.
Casting: Foxfire (safe; 8% risk of failure)
Press: ? - help, Q - select action, (/) - cycle Dir - look around, f - activate You conjure some foxfire!
The foxfire hits the iguana.
The iguana is moderately wounded.
The foxfire hits the iguana.
The iguana is heavily wounded.
Casting: Foxfire (safe; 8% risk of failure)
Press: ? - help, Q - select action, (/) - cycle Dir - look around, f - activate You conjure some foxfire!
The foxfire hits the iguana but does no damage.
The iguana is heavily wounded.
The foxfire hits the iguana.
The iguana is severely wounded.
Casting: Foxfire (safe; 8% risk of failure)
Press: ? - help, Q - select action, (/) - cycle Dir - look around, f - activate You conjure some foxfire!
The iguana barely misses you.
The foxfire hits the iguana but does no damage.
The iguana is severely wounded.
The foxfire hits the iguana but does no damage.
The iguana is severely wounded.
The iguana closely misses you.
Casting: Foxfire (safe; 8% risk of failure)
Press: ? - help, Q - select action, (/) - cycle Dir - look around, f - activate You conjure some foxfire!
The iguana bites you!
The foxfire hits the iguana but does no damage.
The iguana is severely wounded.
The foxfire hits the iguana.
The iguana is severely wounded.
The iguana barely misses you.
You hit the iguana but do no damage.
The iguana is severely wounded.
The iguana bites you!
You hit the iguana.
The iguana is severely wounded.
The iguana bites you!
You die...

..#.##...................#.......
..#.##...................#....<..
#........)......##########..=....
.............#### #.......
.########....# ######.. .#
######...(#### ### .#
#............## ##
#......#####..### ..##......#
#.@..# ...#......#####.l..#
...#.........##....#
...#.........##....#
...#.........##....#
...#####.....##....# ...#
#.....##..... #....##......#
#....#


You could see an iguana.

Vanquished Creatures
  Jessica (D:3)
  2 adders (D:2)
  A ribbon worm (D:2)
  2 dart slugs (D:1)
  A bat (D:1)
  2 endoplasms (D:2)
  2 giant cockroaches (D:1)
  7 goblins
  3 hobgoblins (D:1)
  10 jackals
  A quokka (D:1)
  2 ball pythons (D:1)
  3 frilled lizards
  5 rats
42 creatures vanquished.

Vanquished Creatures (others)
  111 foxfires
111 creatures vanquished.

Grand Total: 153 creatures vanquished

Notes
Turn   | Place    | Note
-------+----------+-------------------------------------------
     0 | D:1      | brinewave the Ghoul Fire Elementalist began the quest for
                  | the Orb.
     0 | D:1      | Reached XP level 1. HP: 14/14 MP: 3/3
   218 | D:1      | Reached skill level 1 in Conjurations
   218 | D:1      | Reached XP level 2. HP: 18/20 MP: 0/4
   665 | D:1      | Reached XP level 3. HP: 26/26 MP: 4/6
  1500 | D:2      | You fall into a shaft and drop 1 floor!
  1502 | D:3      | Found a large runed translucent door.
  1502 | D:3      | Found a large runed translucent door.
  1508 | D:3      | Noticed Zyrax's ghost (amateur HuSh)
  1519 | D:3      | Noticed Jessica
  1524 | D:3      | Killed Jessica
  1525 | D:3      | Reached XP level 4. HP: 34/34 MP: 3/7
  1602 | D:2      | Reached skill level 1 in Fighting
  1884 | D:2      | Slain by an iguana

Illustrated notes

Levels and vault maps discovered:
D:1:      dpeg_arrival_court, layout_loops_cross, minmay_door_square,
          nicolae_twisty_statue_hallways
D:2:      layout_basic
D:3:      layout_rooms, mainiacjoe_overflow_six_doors_small, serial_bayou,
          serial_bayou_crossing, serial_bayou_pond_c, serial_bayou_pond_c,
          serial_bayou_pond_a, serial_bayou_lake_a, ebering_ghost_disaster_area,
          kennysheep_generic_room_9, uniq_jessica

Skill      XL: |  1  2  3  4 |
---------------+-------------+-----
Conjurations   | 1 |  1.6
Dodging        | 2 |  2.4
Spellcasting   | 2 |  2.3
Fighting       | 1 |  1.1
Stealth        | |  2.6
Fire Magic     | |  2.9

Action                     |  1- 3 |  4- 6 || total
---------------------------+-------+-------++-------
  Melee: Unarmed           |    11 |       ||    11
         Dagger            |     4 |     2 ||     6
   Cast: Foxfire           |    49 |    20 ||    69
    Use: Scroll            |     4 |       ||     4
   Stab: Sleeping          |     2 |       ||     2
 Armour: Robe              |    34 |     4 ||    38
  Dodge: Dodged            |    37 |     7 ||    44

Table legend: (Time is in decaauts)
 A = Elapsed time spent in this place.
 B = Non-inter-level travel time spent in this place.
 C = Inter-level travel time spent in this place.
 D = Time resting spent in this place.
 E = Time spent auto-exploring this place.
 F = Levels seen in this place.
 G = Mean time per level.
                   A        B        C        D        E       F      G
               +--------+--------+--------+--------+--------+-----+--------+
         Total |   1883 |   1863 |     20 |     21 |   1436 |   3 |  627.7 |
       Dungeon |   1883 |   1863 |     20 |     21 |   1436 |   3 |  627.7 |
               +--------+--------+--------+--------+--------+-----+--------+

Top non-repeatable levels by time:
     D:1: 1346 daAuts
     D:2: 464 daAuts
     D:3: 72 daAuts
